 Dungeon Crawl Stone Soup version 0.17-a0-1373-g64d4c99 (webtiles) character file.

4629 bal the Covert (level 10, -2/67 HPs)
             Began as a Vampire Enchanter on June 13, 2015.
             Was an Elder of Dithmenos.
             Slain by a yak (13 damage)
             ... on level 11 of the Dungeon.
             The game lasted 00:47:37 (8782 turns).

bal the Covert (Vampire Enchanter)                  Turns: 8782, Time: 00:47:37

Health: -2/67      AC:  7    Str: 14    XL:     10   Next: 19%
Magic:  3/19       EV: 16    Int: 23    God:    Dithmenos [****..]
Gold:   471        SH:  0    Dex: 15    Spells: 5 memorised, 9 levels left

rFire  . . .     SeeInvis +     b - +2 dagger (speed)
rCold  . . .     Clarity  .     w - +2 robe {rN+}
rNeg   + + .     SustAt   .     (no shield)
rPois  .         Gourm    .     (no helmet)
rElec  .         Spirit   .     (no cloak)
rCorr  +         Warding  .     e - +2 pair of gloves
rMut   .         Stasis   .     (no boots)
MR     +....                    k - amulet of resist corrosion
Stlth  ++++++++++               t - +4 ring of intelligence
                                r - ring of stealth

@: mighty, wreathed by umbra, somewhat resistant to hostile enchantments,
uncannily stealthy
A: fangs 3, see invisible, unbreathing
a: Bat Form, Shadow Step, Renounce Religion


You were on level 11 of the Dungeon.
You worshipped Dithmenos.
Dithmenos was greatly pleased with you.
You were not thirsty.

You visited 1 branch of the dungeon, and saw 11 of its levels.

You collected 471 gold pieces.

Inventory:

Hand weapons
 a - a +2 dagger
 b - a +2 dagger of speed (weapon)
 h - a +0 hunting sling
 j - a +2 short sword of venom
Missiles
 i - 12 tomahawks (quivered)
Armour
 e - a +2 pair of gloves (worn)
 q - a +2 ring mail of poison resistance
 w - a +2 robe of positive energy (worn)
 E - a cursed +0 helmet
Jewellery
 k - an amulet of resist corrosion (around neck)
 r - a ring of stealth (left hand)
 t - a +4 ring of intelligence (right hand)
 v - an uncursed amulet of faith
 B - a +3 ring of evasion
 D - an uncursed ring of poison resistance
Magical devices
 g - a wand of confusion (12)
 n - a wand of draining (3)
 p - a wand of digging (2)
 C - a wand of lightning (3)
Scrolls
 l - a scroll of identify
 o - 8 scrolls of remove curse
 x - a scroll of magic mapping
 y - 2 scrolls of recharging
 F - a scroll of teleportation {unknown}
Potions
 d - 8 potions of blood
 m - a potion of agility
 u - a potion of curing
 z - a potion of flight
 A - a potion of cure mutation
Books
 c - a book of Maledictions

   Spells                             Type                      Level
   a - Corona                         Hexes                        1
   b - Ensorcelled Hibernation        Hexes/Ice                    2
   c - Confuse                        Hexes                        3
   d - Tukima's Dance                 Hexes                        3
   e - Dazzling Spray                 Conjuration/Hexes            3
 f - a book of Annihilations {highlevel, unknown}

   This book is beyond your current level of understanding.

   Spells                             Type                      Level
   a - Poison Arrow                   Conjuration/Poison           6
   b - Chain Lightning                Conjuration/Air              8
   c - Lehudib's Crystal Spear        Conjuration/Earth            8
   d - Glaciate                       Conjuration/Ice              9
   e - Fire Storm                     Conjuration/Fire             9


   Skills:
 + Level 2.2 Fighting
 + Level 4.0 Short Blades
 + Level 6.5 Dodging
 + Level 13.3 Stealth
 + Level 6.0 Spellcasting
 + Level 0.1 Conjurations
 + Level 9.2 Hexes
 + Level 4.9 Ice Magic
 + Level 0.6 Invocations
 + Level 0.3 Evocations


You had 9 spell levels left.
You knew the following spells:

 Your Spells              Type           Power        Failure   Level  Hunger
a - Corona                Hex            #####..      1%          1    None
b - Ensorcelled Hibernat  Hex/Ice        #####.       1%          2    None
c - Tukima's Dance        Hex            #####...     1%          3    #......
d - Dazzling Spray        Conj/Hex       ####....     4%          3    #......
e - Confuse               Hex            #####...     1%          3    #......


Dungeon Overview and Level Annotations

Branches:
Dungeon (11/15)            Temple (0/1) D:4            Lair (0/8) D:10
    Orc: D:9-12

Altars:
Ashenzari
Cheibriados
Dithmenos
Elyvilon
Fedhas
Gozag
Kikubaaqudgha
Makhleb
Nemelex Xobeh
Ru
Vehumet
Xom
Yredelemnul
Zin
The Shining One

Shops:
D:8 *


Innate Abilities, Weirdness & Mutations

You have razor-sharp teeth.
You have supernaturally acute eyesight.
You can survive without breathing.


Message History

The yak completely misses you.
You puncture the yak!
The yak is heavily wounded.
You barely miss the yak.
The yak is heavily wounded.
The yak gores you.
You puncture the yak!
The yak is severely wounded.
You barely miss the yak.
The yak is severely wounded.
You hit the yak.
The yak is severely wounded.
You closely miss the yak. Your bite misses the yak.
The yak is severely wounded.
The yak gores you!
* * * LOW HITPOINT WARNING * * *
You puncture the yak!
The yak is severely wounded.
The yak gores you!
You die...

#>#
####'###
#......#
#......+
#......#
#......#
#......#
#####'##
#.@YY#
#.####
#+#


You could see 2 yaks.

Vanquished Creatures
  4 yaks
  A hungry ghost (D:9)
  A steam dragon (D:9)
  2 wolves (D:10)
  An ice beast (D:11)
  A sky beast (D:7)
  A black bear (D:9)
  4 ogres
  A necrophage (D:9)
  A centaur (D:10)
  A big kobold (D:10)
  3 giant frogs
  2 scorpions
  A wyvern skeleton (D:7)
  8 killer bees (D:9)
  2 vampire bats (D:6)
  7 crimson imps
  A quasit (D:7)
  3 giant frog skeletons
  A centaur skeleton (D:6)
  A giant frog zombie (D:5)
  4 jellies
  A gnoll shaman (D:6)
  Jessica (D:3)
  7 hounds
  2 orc priests
  7 iguanas
  6 worker ants
  4 orc wizards
  A hound skeleton (D:7)
  A worker ant zombie (D:8)
  12 adders
  3 gnolls (D:6)
  A shadow imp (D:5)
  2 oozes (D:2)
  2 worms (D:3)
  An adder skeleton (D:5)
  10 giant geckos
  24 orcs
  2 ball pythons (D:1)
  3 bat skeletons
  2 bat zombies (D:6)
  9 giant cockroaches
  16 hobgoblins
  5 jackals
  3 quokkas
  13 bats
  A giant gecko skeleton (D:8)
  6 giant newts
  21 goblins
  23 kobolds
  2 quokka zombies
  16 rats
258 creatures vanquished.

Vanquished Creatures (collateral kills)
  Maurice (D:8)
  Sigmund (D:6)
  An orc warrior (D:7)
  An ogre (D:9)
  An orc priest (D:3)
  An orc wizard (D:7)
  Terence (D:3)
  A gnoll (D:6)
  5 orcs
  3 kobolds (D:10)
16 creatures vanquished.

Vanquished Creatures (others)
  A dancing weapon (D:6)
1 creature vanquished.

Grand Total: 275 creatures vanquished

Notes
Turn   | Place    | Note
--------------------------------------------------------------
     0 | D:1      | bal the Vampire Enchanter began the quest for the Orb.
     0 | D:1      | Reached XP level 1. HP: 13/13 MP: 3/3
   165 | D:1      | Reached XP level 2. HP: 16/19 MP: 5/5
   203 | D:1      | Reached skill level 5 in Stealth
   721 | D:1      | Learned a level 2 spell: Ensorcelled Hibernation
   826 | D:2      | Reached XP level 3. HP: 24/24 MP: 2/6
   998 | D:2      | Reached skill level 5 in Hexes
  1143 | D:2      | Found a sparkling altar of Nemelex Xobeh.
  1183 | D:2      | Found a faded altar to an unknown god.
  1223 | D:2      | Reached XP level 4. HP: 25/30 MP: 0/7
  1751 | D:3      | Noticed Jessica
  1756 | D:3      | Killed Jessica
  1756 | D:3      | Reached skill level 6 in Stealth
  1763 | D:3      | Learned a level 3 spell: Tukima's Dance
  1904 | D:3      | Found a shadowy altar of Dithmenos.
  1910 | D:3      | Became a worshipper of Dithmenos the Shadowed
  1996 | D:3      | Reached XP level 5. HP: 36/36 MP: 8/8
  1998 | D:3      | Reached skill level 1 in Ice Magic
  2236 | D:3      | Noticed Terence
  2268 | D:3      | Killed Terence
  2473 | D:3      | Reached skill level 7 in Stealth
  2663 | D:4      | Found a staircase to the Ecumenical Temple.
  2807 | D:4      | Reached XP level 6. HP: 28/42 MP: 2/9
  2895 | D:4      | Noticed an ogre
  3045 | D:4      | Killed an ogre
  3045 | D:4      | Reached skill level 1 in Fighting
  3214 | D:4      | Reached XP level 7. HP: 48/48 MP: 11/11
  3305 | D:4      | Reached skill level 8 in Stealth
  3480 | D:4      | Found a shimmering altar of Xom.
  3488 | D:4      | Acquired Dithmenos's first power
  3539 | D:5      | Entered Level 5 of the Dungeon
  4176 | D:5      | Reached skill level 9 in Stealth
  4354 | D:6      | Found a shattered altar of Ashenzari.
  4392 | D:6      | Found a burning altar of Makhleb.
  4413 | D:6      | Reached XP level 8. HP: 46/54 MP: 1/13
  4429 | D:6      | Learned a level 3 spell: Dazzling Spray
  4581 | D:6      | Reached skill level 10 in Stealth
  4727 | D:6      | Noticed Sigmund
  4790 | D:6      | Acquired Dithmenos's second power
  4980 | D:6      | Killed Sigmund
  4983 | D:6      | Found a glowing silver altar of Zin.
  4984 | D:6      | Found a snail-covered altar of Cheibriados.
  4985 | D:6      | Found a white marble altar of Elyvilon.
  4985 | D:6      | Found a basalt altar of Yredelemnul.
  4985 | D:6      | Found a radiant altar of Vehumet.
  5170 | D:6      | Found an ancient bone altar of Kikubaaqudgha.
  5297 | D:7      | Reached skill level 5 in Dodging
  5333 | D:7      | Found a blossoming altar of Fedhas.
  5763 | D:7      | Found a sacrificial altar of Ru.
  6262 | D:8      | Reached skill level 11 in Stealth
  6262 | D:8      | Reached XP level 9. HP: 59/59 MP: 13/16
  6400 | D:8      | Found Gozag's Platinum Reserve.
  6410 | D:8      | Found an opulent altar of Gozag.
  6559 | D:8      | Noticed Maurice
  6604 | D:8      | Killed Maurice
  6604 | D:8      | Acquired Dithmenos's third power
  6604 | D:8      | Reached skill level 5 in Spellcasting
  7223 | D:9      | Learned a level 3 spell: Confuse
  7272 | D:9      | Reached skill level 12 in Stealth
  7653 | D:9      | Found a glowing golden altar of the Shining One.
  8187 | D:10     | Entered Level 10 of the Dungeon
  8192 | D:10     | Reached skill level 13 in Stealth
  8192 | D:10     | Reached XP level 10. HP: 67/67 MP: 18/18
  8440 | D:10     | Found a staircase to the Lair.
  8782 | D:11     | Slain by a yak

Vault maps used:
D:1:      lightli_arrival_lavapool
D:2:      nemelex_xobeh_ov_fountains_minmay, ecumenical_altar_1
D:3:      grunt_dithmenos_smoke, gup_sewer_entry_pipe, first_bread,
          uniq_terence, uniq_jessica
D:4:      kennysheep_six_static_rooms, kennysheep_mini,
          minmay_temple_entry_statues_fountains, grunt_ministairs_7
D:5:      amethyst_killhole
D:6:      minitemple, cheibrodos_ashenzari_chains, kennysheep_vampire_church,
          old_standard_altar, minmay_liquid_box, uniq_sigmund
D:7:      nicolae_ru_path_of_blood, lemuel_round_altar
D:8:      nicolae_gozag_zags_fifth_avenue, uniq_maurice
D:9:      nicolae_tso_swordbearing_angel
D:10:     erik_lair_island, serial_shops, nicolae_shop_stone, grunt_livestock,
          minmay_misc_feat_ornament, uniq_nergalle
D:11:     orc_0_dummy, kennysheep_generic_room_16

Action                   |  1- 3 |  4- 6 |  7- 9 | 10-12 || total
-------------------------+-------+-------+-------+-------++-------
Melee: Dagger            |   115 |   178 |   295 |    55 ||   643
 Cast: Corona            |     6 |     3 |       |       ||     9
       Ensorcelled Hiber |     7 |    41 |    89 |    26 ||   163
       Tukima's Dance    |       |     4 |    15 |     4 ||    23
       Confuse           |       |       |     2 |     2 ||     4
       Dazzling Spray    |       |       |     1 |     1 ||     2
Invok: Shadow Step       |       |       |     2 |       ||     2
 Abil: End Transformatio |       |       |     1 |       ||     1
       Bat Form          |       |       |     1 |       ||     1
Evoke: Wand              |       |       |     2 |     7 ||     9
  Use: Scroll            |     2 |     4 |    14 |     1 ||    21
       Potion            |       |    17 |    29 |     3 ||    49
 Stab: Sleeping          |    17 |    43 |   108 |     9 ||   177
       Distracted        |       |       |       |     2 ||     2
  Eat: Corpse            |     1 |       |       |       ||     1
